 Dungeon Crawl Stone Soup version 0.27-a0-1301-g128193abf8 (webtiles) character file.

Game seed: 15404998724686666168

58 Shayle the Sneak (level 3, -2/26 HPs)
             Began as a Demonspawn Enchanter on June 17, 2021.
             Succumbed to a scorpion's poison
             ... on level 2 of the Dungeon.
             The game lasted 00:04:35 (1671 turns).

Shayle the Sneak (Demonspawn Enchanter)             Turns: 1671, Time: 00:04:36

Health: -2/26      AC:  2    Str:  8    XL:     3   Next: 76%
Magic:  2/6        EV: 12    Int: 17    God:
Gold:   30         SH:  0    Dex: 13    Spells: 0/6 levels left

rFire    . . .     SeeInvis .   a - +1 dagger
rCold    . . .     Faith    .   (no shield)
rNeg     . . .     Spirit   .   b - +0 robe
rPois    .         Reflect  .   (no helmet)
rElec    .         Harm     .   (no cloak)
rCorr    .         Rampage  .   (no gloves)
Will     .....                  (no boots)
Stlth    ++........             (no amulet)
HPRegen  0.08/turn              (no ring)
MPRegen  0.10/turn              (no ring)

@: lethally poisoned (-2 -> -14)
A: spiny 1
a: no special abilities


You were on level 2 of the Dungeon.
You visited 1 branch of the dungeon, and saw 2 of its levels.

You collected 57 gold pieces.
You spent 27 gold pieces at shops.

Inventory:

Hand Weapons
 a - a +1 dagger (weapon)
Missiles
 d - 10 poisoned darts (quivered)
Armour
 b - a +0 robe (worn)
Scrolls
 h - a scroll of identify {unknown}
Potions
 c - a potion of lignification {unknown}
 e - a potion of curing {unknown}
 g - a potion of magic {unknown}


   Skills:
 + Level 1.5 Fighting
 - Level 0.8 Short Blades
 + Level 2.4 Dodging
 * Level 3.7 Stealth
 - Level 2.0 Spellcasting
 - Level 3.0 Hexes


You couldn't memorise any spells.
You knew the following spells:

 Your Spells              Type           Power      Damage    Failure   Level
a - Corona                Hex            12%        N/A       5%          1
b - Ensorcelled Hibernat  Hex/Ice        12%        N/A       16%         2
c - Confusing Touch       Hex            11%        N/A       17%         3

Your spell library contained the following spells:

 Spells                   Type           Power      Damage    Failure   Level
 Tukima's Dance           Hex            11%        N/A       17%         3
 Dazzling Flash           Conj/Hex       12%        N/A       30%         3


Dungeon Overview and Level Annotations

Branches:
Dungeon (2/15)

Altars:

Shops:
D:1 *=[


Innate Abilities, Weirdness & Mutations

You are partially covered in sharp spines.


Message History

The spell is quite dangerous to cast (17% risk of failure)!
Continue anyway?
Your hands begin to glow red.
The scorpion is struck by your spines.
The scorpion stings you but does no damage.
You hit the scorpion but do no damage.
The scorpion appears confused.
The scorpion is severely wounded.
The scorpion barely misses you.
You hit the scorpion but do no damage.
The scorpion is severely wounded.
You hit the scorpion but do no damage.
The scorpion is severely wounded.
The scorpion is struck by your spines. The scorpion barely misses you.
You barely miss the scorpion.
The scorpion is almost dead.
You hit the scorpion but do no damage.
The scorpion is almost dead.
The scorpion stings you.
You are poisoned.
The scorpion poisons you!
You feel very sick.
You feel very sick.
You hit the scorpion.
The scorpion is almost dead.
You feel sick.
You feel sick.
You hit the scorpion but do no damage.
The scorpion is almost dead.
You feel sick. The scorpion stings you.
* * * LOW HITPOINT WARNING * * *
You are more poisoned.
The scorpion poisons you!
Unknown command.
You hit the scorpion but do no damage.
The scorpion is almost dead.
* * * LOW HITPOINT WARNING * * *
You feel very sick.
The scorpion seems less confused.
The scorpion stings you but does no damage.
Unknown command.
It was a potion of cancellation.
You feel magically purged.
You die...

### ####### ##
#.#######.....# ..
.#........###.# .#
###.........#.# .# #
##.######.#.###.####..
###.##
###.#)#.@....... .#.##
#.......s....#.. #.##
#.#†#.#......... ..#
#.#.#.#..###.#.. ### #
#.#.#..# # . #
#.#.#... # ...!.<.## #
#......# # ##......


You could see a scorpion.

Vanquished Creatures
  2 adders (D:2)
  A worm (D:2)
  2 ball pythons (D:1)
  6 bats
  2 endoplasms (D:2)
  4 giant cockroaches
  2 goblins
  3 hobgoblins
  A kobold (D:1)
  5 quokkas
  2 frilled lizards (D:1)
  2 rats
32 creatures vanquished.

Notes
Turn   | Place    | Note
-------+----------+-------------------------------------------
     0 | D:1      | Shayle the Demonspawn Enchanter began the quest for the
                  | Orb.
     0 | D:1      | Reached XP level 1. HP: 13/13 MP: 3/3
     6 | D:1      | Noticed a killer bee
     7 | D:1      | Noticed a seven-headed hydra
     7 | D:1      | Noticed a black bear
   296 | D:1      | Found Aczarik's Armour Shoppe.
   353 | D:1      | Gained mutation: You are partially covered in sharp spines.
                  | [demonic ancestry]
   353 | D:1      | Reached XP level 2. HP: 10/20 MP: 5/5
   791 | D:1      | Reached skill level 1 in Fighting
   895 | D:1      | Found Kakleamm's Jewellery Shop.
   922 | D:1      | Found a faded altar of an unknown god.
  1094 | D:1      | Found Ginniagg's Assorted Antiques.
  1098 | D:1      | Bought a silvery potion for 27 gold pieces
  1218 | D:2      | Reached XP level 3. HP: 26/26 MP: 6/6
  1612 | D:2      | Noticed a scorpion
  1627 | D:2      | Learned a level 2 spell: Ensorcelled Hibernation
  1632 | D:2      | Learned a level 3 spell: Confusing Touch
  1670 | D:2      | HP: 1/26 [poisoned by a scorpion]
  1671 | D:2      | Succumbed to a scorpion's poison

Illustrated notes

Levels and vault maps discovered:
D:1:      onia_arrival_zoo_common, layout_basic, serial_shops, shop,
          nicolae_shop_behind_doors, shop, ebering_ecumenical_altar_petrified
D:2:      layout_loops_ring, serial_shops, nicolae_shop_waterfront,
          minmay_bisected

Skill      XL: |  1  2 |
---------------+-------+-----
Stealth        | 3 |  3.7
Dodging        | 2 |  2.4
Fighting       | 1 |  1.5
Short Blades   | |  0.8
Spellcasting   | |  2.0
Hexes          | |  3.0

Action                   || total
-------------------------++-------
Melee: Dagger            ||   107
 Cast: Confusing Touch   ||     1
       Ensorcelled Hiber ||     1
  Use: Potion            ||     1
 Stab: Sleeping          ||    11
Armor: Robe              ||    34
Dodge: Dodged            ||    63

Table legend: (Time is in decaauts)
 A = Elapsed time spent in this place.
 B = Non-inter-level travel time spent in this place.
 C = Inter-level travel time spent in this place.
 D = Time resting spent in this place.
 E = Time spent auto-exploring this place.
 F = Levels seen in this place.
 G = Mean time per level.
                   A        B        C        D        E       F      G
               +--------+--------+--------+--------+--------+-----+--------+
         Total |   1666 |   1662 |      4 |    172 |   1152 |   2 |  833.0 |
       Dungeon |   1666 |   1662 |      4 |    172 |   1152 |   2 |  833.0 |
               +--------+--------+--------+--------+--------+-----+--------+

Top non-repeatable levels by time:
     D:1: 1114 daAuts
     D:2: 552 daAuts
